 Dungeon Sprint DCSS version 0.31.0-32-g396128a36d (webtiles) character file.

Game seed: 15305794145331313077

505 Heoruswealwe the Spear-Bearer (level 6, -9/66 HPs)
             Began as a Minotaur Fighter on Mar 8, 2024.
             Was an Initiate of Gozag.
             Mangled by a two-headed ogre
             ... wielding a +0 giant club
              (15 damage)
             ... in the Dungeon (Sprint IX: "|||||||||||||||||||||||||||||").
             The game lasted 00:00:56 (116 turns).

Heoruswealwe the Spear-Bearer (Minotaur Fighter)     Turns: 116, Time: 00:00:57

Health: -9/66      AC:  8    Str: 22    XL:     6   Next: 96%
Magic:  5/5        EV:  9    Int:  5    God:    Gozag
Gold:   0          SH:  4    Dex: 10    Spells: 5/5 levels left

rFire   . . .        a - +0 trident
rCold   . . .        d - +0 buckler
rNeg    . . .        c - +0 scale mail
rPois   .            (helmet restricted)
rElec   .            (no cloak)
rCorr   .            (no gloves)
SInv    .            (no boots)
Will    .....        (no amulet) Stlth
                     (no ring)
HPRegen 0.31/turn    (no ring)
MPRegen 0.09/turn

%: no teleportation
@: gold aura
A: horns 2, retaliatory headbutt
a: Renounce Religion, Potion Petition, Call Merchant, Bribe Branch


You were in the Dungeon.
You worshipped Gozag.
Gozag was noncommittal.
You visited 1 branch

Inventory:

Hand Weapons
 a - a +0 trident (weapon)
Armour
 c - a +0 scale mail (worn)
 d - a +0 buckler (worn)
Jewellery
 k - a +3 ring of dexterity
 l - a +2 ring of protection
Wands
 h - a wand of light (10)
Scrolls
 j - 2 scrolls of blinking
Potions
 b - a potion of might
 e - 5 potions of curing
 f - 3 potions of heal wounds
 g - a potion of haste
 i - a potion of berserk rage


   Skills:
 + Level 9.7 Fighting
 * Level 12.7 Polearms
 + Level 9.7 Armour
 - Level 3.6 Shields


You had 5 spell levels left.
You didn't know any spells.
Your spell library was empty.

Dungeon Overview and Level Annotations

Branches:
Dungeon (1/1)

Altars:
Cheibriados
Dithmenos
Elyvilon
Fedhas
Gozag
Hepliaklqana
Kikubaaqudgha
Makhleb
Nemelex Xobeh
Okawaru
Qazlal
Ru
Sif Muna
Trog
Uskayaw
Vehumet
Wu Jian
Xom
Yredelemnul
Zin
The Shining One
Jiyva
Lugonu


Innate Abilities, Weirdness & Mutations

You have a pair of horns on your head.
You reflexively headbutt those who attack you in melee.


Message History

There is an open door to the Dungeon, spattered with blood here.
You see here 225 gold pieces.
You completely miss the kobold brigand.
You feel sick.
The two-headed ogre shouts in stereo!
You block the kobold brigand's attack.
The troll is distracted by your dazzling golden aura.
The troll shouts!
You puncture the kobold brigand!
The kobold brigand is moderately wounded.
You feel yourself speed up.
You feel sick.
The two-headed ogre is no longer distracted by gold.
The kobold brigand hits you with a +0 short sword.
* * * LOW HITPOINT WARNING * * *
You closely miss the kobold brigand.
Your headbutt misses the kobold brigand.
The kobold brigand is moderately wounded.
You feel sick.
The kobold brigand hits you with a +0 short sword.
* * * LOW HITPOINT WARNING * * *
You hit the kobold brigand but do no damage.
The kobold brigand is moderately wounded.
You feel sick.
The kobold brigand hits you with a +0 short sword.
* * * LOW HITPOINT WARNING * * *
You hit the kobold brigand.
You headbutt the kobold brigand, but do no damage.
The kobold brigand is heavily wounded.
You feel sick.
You puncture the kobold brigand!
The kobold brigand is severely wounded.
The troll is no longer distracted by gold.
The kobold brigand barely misses you. You furiously retaliate!
You headbutt the kobold brigand!
You kill the kobold brigand!
You feel sick.
You are no longer poisoned.
The two-headed ogre hits you with a +0 giant club!
You die...
Your body crumbles into a pile of gold.

▓+▓
▓.▓
▓.▓
▓k▓
▓T▓
▓O▓
▓@▓
▓$▓
▓.▓
▓.▓
▓[▓
▓[▓
▓[▓
▓.▓
▓)▓


You could see a two-headed ogre, a troll and a wyvern.

Vanquished Creatures
  A wraith (D)
  A yak (D)
  A phantom (D)
  A kobold brigand (D)
  A bombardier beetle (D)
  A jelly (D)
  An adder (D)
  An orc (D)
  An endoplasm (D)
  A giant cockroach (D)
  A ball python (D)
  A frilled lizard (D)
  A kobold (D)
13 creatures vanquished.

Notes
Turn   | Place    | Note
-------+----------+-------------------------------------------
     0 | D        | Heoruswealwe the Minotaur Fighter began the quest for the
                  | Orb.
     0 | D        | Reached XP level 1. HP: 19/19 MP: 0/0
     5 | D        | Reached skill level 3 in Polearms
    22 | D        | Noticed a bombardier beetle
    22 | D        | Noticed a jelly
    22 | D        | Noticed a phantom
    28 | D        | Killed a phantom
    29 | D        | Reached skill level 7 in Polearms
    29 | D        | Reached XP level 2. HP: 29/30 MP: 1/1
    29 | D        | Reached XP level 3. HP: 35/37 MP: 2/2
    29 | D        | Reached XP level 4. HP: 42/44 MP: 3/3
    31 | D        | Reached skill level 8 in Polearms
    41 | D        | Reached skill level 9 in Polearms
    41 | D        | Reached XP level 5. HP: 24/52 MP: 4/4
    46 | D        | Found a snail-covered altar of Cheibriados.
    46 | D        | Found a shadowy altar of Dithmenos.
    46 | D        | Found a white marble altar of Elyvilon.
    46 | D        | Found a blossoming altar of Fedhas.
    46 | D        | Found an opulent altar of Gozag.
    47 | D        | Found a hazy altar of Hepliaklqana.
    48 | D        | Found a viscous altar of Jiyva.
    49 | D        | Found an ancient bone altar of Kikubaaqudgha.
    50 | D        | Found a corrupted altar of Lugonu.
    51 | D        | Found a burning altar of Makhleb.
    52 | D        | Found a sparkling altar of Nemelex Xobeh.
    53 | D        | Found an iron altar of Okawaru.
    54 | D        | Became a worshipper of Gozag Ym Sagoz the Greedy
    55 | D        | Found a stormy altar of Qazlal.
    56 | D        | Found a sacrificial altar of Ru.
    57 | D        | Found a shimmering blue altar of Sif Muna.
    58 | D        | Found a bloodstained altar of Trog.
    59 | D        | Found a hide-covered altar of Uskayaw.
    60 | D        | Found a radiant altar of Vehumet.
    61 | D        | Found an ornate altar of the Wu Jian Council.
    62 | D        | Found a shimmering altar of Xom.
    63 | D        | Found a basalt altar of Yredelemnul.
    64 | D        | Found a glowing silver altar of Zin.
    65 | D        | Found a glowing golden altar of the Shining One.
    90 | D        | Noticed a wyvern
    90 | D        | Noticed a two-headed ogre
    90 | D        | Noticed a troll
    90 | D        | Noticed a yak
    90 | D        | Noticed a wraith
   101 | D        | Killed a wraith
   102 | D        | Reached skill level 11 in Polearms
   102 | D        | Reached XP level 6. HP: 32/62 MP: 5/5
   108 | D        | Killed a yak
   109 | D        | Reached skill level 12 in Polearms
   116 | D        | Mangled by a two-headed ogre

Illustrated notes

Levels and vault maps discovered:
D:        linesprint [early_d, line_temple, items_1, d_10, items_2, lair_1,
          lair_end, items_3, orc_1, orc_end, items_4, d_15, swamp_1, shoals_1,
          snake_1, spider_1, d_20, vaults_1, items_5, swamp_end, shoals_end,
          snake_end, spider_end, vaults_end, d_27, items_6, zot_1, zot_end,
          crypt_end, forest_end, elf_end, slime_end, tomb_end, abyss_end,
          pan_hell_end]

Skill      XL: |  1  2  3  4  5  6 |
---------------+-------------------+-----
Polearms       | 7 9 11 12 | 12.7
Fighting       | 6 7 8 9 |  9.7
Armour         | 6 7 8 9 |  9.7
Shields        | |  3.6

Action                     |  1- 3 |  4- 6 || total
---------------------------+-------+-------++-------
  Melee: Trident           |    18 |    35 ||    53
         Headbutt          |     3 |     7 ||    10
 Armour: Scale mail        |     8 |    15 ||    23
  Dodge: Dodged            |     4 |     5 ||     9
  Block: Buckler           |     2 |     7 ||     9
